 Dungeon Crawl Stone Soup version 0.18.1-6-gd335043 (webtiles) character file.

5445 Goblin1989 the Severer (level 10, -9/85 (86) HPs)
             Began as a Hill Orc Gladiator on May 16, 2016.
             Was an Elder of Makhleb.
             Mangled by a troll (15 damage)
             ... on level 9 of the Dungeon on May 17, 2016.
             The game lasted 00:18:50 (8651 turns).

Goblin1989 the Severer (Hill Orc Gladiator)         Turns: 8651, Time: 00:18:50

HP:   -9/85 (86)    AC: 12    Str: 22    XL:     10   Next: 68%
MP:   10/10         EV: 10    Int:  8    God:    Makhleb [****..]
Gold: 84            SH:  0    Dex: 11    Spells: 0 memorised, 9 levels left

rFire  . . .     SeeInvis +     I - +0 battleaxe
rCold  . . .     Gourm    .     E - +0 scale mail
rNeg   . . .     Faith    .     (shield currently unavailable)
rPois  .         Spirit   .     c - +0 helmet
rElec  .         Dismiss  .     z - +0 cloak
rCorr  .         Reflect  .     K - +1 pair of gloves
SustAt .         Harm     .     n - +0 pair of boots
MR     .....                    (no amulet)
Stlth  ..........               y - +3 ring of slaying
                                s - ring of see invisible {sInv, !d}

@: exhausted, slowed, very slow, not resistant to hostile enchantments,
extremely unstealthy
A: no striking features
a: Minor Destruction, Lesser Servant of Makhleb, Major Destruction, Renounce
Religion


You were on level 9 of the Dungeon.
You worshipped Makhleb.
Makhleb was greatly pleased with you.
You were hungry.

You visited 2 branches of the dungeon, and saw 10 of its levels.

You collected 492 gold pieces.
You spent 408 gold pieces at shops.

Inventory:

Hand Weapons
 I - a +0 battleaxe (weapon)
Missiles
 d - 3 throwing nets {=f, !d}
Armour
 c - a +0 helmet (worn)
 n - a +0 pair of boots (worn)
 z - a +0 cloak (worn)
 E - a +0 scale mail (worn)
 K - a +1 pair of gloves (worn)
Jewellery
 g - an uncursed ring of positive energy {rN+}
 s - a ring of see invisible (left hand) {sInv, !d}
 y - a +3 ring of slaying (right hand)
 Q - an uncursed ring of protection from fire {unknown}
Wands
 i - a wand of heal wounds (1/9)
 q - a wand of digging (17/24)
 u - a wand of slowing (19/48)
 x - a wand of iceblast (4/15)
 A - a wand of polymorph (2/24)
 J - a wand of flame (15/48)
 O - a wand of teleportation (1/9)
Scrolls
 a - 2 scrolls of magic mapping {unknown}
 b - 5 scrolls of teleportation
 o - 6 scrolls of identify
 r - 4 scrolls of remove curse {unknown}
 t - 2 scrolls of recharging
 D - 2 scrolls of enchant weapon {unknown}
 H - a scroll of amnesia {unknown}
 M - a scroll of vulnerability {unknown}
 N - a scroll of enchant armour {unknown}
 R - a scroll of random uselessness {unknown}
 T - a scroll of noise {!r}
Potions
 e - 8 potions of curing
 h - 2 potions of invisibility
 j - a potion of ambrosia
 v - 3 potions of lignification {!q}
 w - 2 potions of flight
 B - 2 potions of haste
 C - a potion of berserk rage {!q}
 F - 2 potions of heal wounds
 P - a potion of agility
Comestibles
 f - 9 bread rations
 k - 7 meat rations
 l - 10 fruits
 m - a slice of pizza
 p - a chunk of flesh
 L - a beef jerky


   Skills:
 * Level 7.6 Fighting
 + Level 17.0 Axes
 - Level 1.7 Throwing
 + Level 4.0 Armour
 - Level 2.4 Dodging


You had 9 spell levels left.
You didn't know any spells.

Dungeon Overview and Level Annotations

Branches:
Dungeon (9/15)             Temple (1/1) D:5            Lair (0/8) D:9
    Orc: D:9-12

Altars:
Ashenzari
Cheibriados
Dithmenos
Elyvilon
Fedhas
Gozag
Kikubaaqudgha
Makhleb
Nemelex Xobeh
Okawaru
Pakellas
Qazlal
Ru
Sif Muna
Trog
Vehumet
Xom
Yredelemnul
Zin
The Shining One

Shops:
D:6 (   D:9 ?

Annotations:
D:3 Goblin1989's ghost, amateur DsGl


Message History

The hound bites you but does no damage.
You now have 48/85 hp.
You hit the troll. You barely miss the hound.
The hound bites you but does no damage. The troll bites you!
The troll claws you. The troll barely misses you. The hound barely misses you.
The troll closely misses you. The troll claws you! x2
You take 26 damage, and have 22/85 hp.
MASSIVE DAMAGE!!
You closely miss the hound. You slash the troll! The hound barely misses you.
The troll barely misses you. The troll claws you.
The troll claws you but does no damage. The hound bites you but does no damage.
A hound comes into view.
You take 4 damage, and have 18/85 hp.
You closely miss the hound. You closely miss the troll.
The hound barks!
The hound bites you. The troll bites you. The troll claws you. x2
The hound closely misses you.
You take 12 damage, and have 6/85 hp.
Your scale mail prevents you from hitting the hound.
You slash the troll! The troll bites you!
You die...

.......>....+....######.#####
............#...........# #
......................### #
......................# #####
.........≈...≈≈...≈...# #....
........≈≈.≈.≈≈≈.≈....###....
......≈≈≈≈.≈.≈≈≈≈≈≈..........
###..≈≈≈≈≈.≈≈≈≈............
...≈≈≈≈≈@†≈≈..≈........÷.
....≈≈≈≈hT≈≈≈≈...........
...≈≈≈≈.≈≈≈≈≈.......#...
..≈≈≈.....≈≈≈≈..........
..≈≈≈..h.≈≈≈≈≈≈...###.).
≈.≈≈≈.....≈≈≈≈≈##.###...
..≈≈.≈.>..≈≈≈≈≈....##...
..≈≈≈....≈≈≈≈≈≈....##...
≈≈≈≈≈.....#...


You could see a troll and 2 hounds.

Vanquished Creatures
  Joseph (D:7)
  Grinder (D:3)
  A spriggan (D:7)
  2 hippogriffs
  Menkaure (D:6)
  2 water moccasins
  Duvessa (D:6)
  3 orc warriors
  4 sky beasts
  2 ice beasts (D:7)
  5 ogres
  3 wolves (D:9)
  A necrophage (D:8)
  2 centaurs (D:9)
  A big kobold (D:9)
  4 giant frogs
  A wyvern zombie (D:9)
  Dowan (D:6)
  A water moccasin zombie (D:7)
  A scorpion (D:4)
  An oklob sapling (D:5)
  2 howler monkeys
  3 electric eels (D:9)
  3 crimson imps
  2 jellies
  2 hounds
  4 giant frog skeletons
  4 orc priests
  A centaur skeleton (D:6)
  5 iguanas
  Natasha (thrice) (D:2)
  A gnoll shaman (D:8)
  7 worker ants
  11 orc wizards
  A sheep (D:6)
  A hound zombie (D:7)
  A worker ant zombie (D:8)
  A howler monkey zombie (D:7)
  7 gnolls
  14 adders
  A shadow imp (D:9)
  An adder zombie (D:9)
  An adder skeleton (D:6)
  2 worms
  A dart slug (D:1)
  6 giant geckos
  26 orcs
  5 giant cockroaches
  7 goblins
  6 hobgoblins
  7 jackals
  6 quokkas
  2 ball pythons
  6 bats
  A giant gecko skeleton (D:4)
  5 giant newts
  11 kobolds
  6 rats
  3 plants (D:5)
215 creatures vanquished.

Notes
Turn   | Place    | Note
--------------------------------------------------------------
     0 | D:1      | Goblin1989 the Hill Orc Gladiator began the quest for the Orb.
     0 | D:1      | Reached XP level 1. HP: 18/18 MP: 1/1
   241 | D:1      | Reached XP level 2. HP: 18/25 MP: 2/2
   471 | D:1      | Reached skill level 5 in Axes
   814 | D:2      | Reached XP level 3. HP: 30/30 MP: 3/3
   860 | D:2      | Reached skill level 6 in Axes
   888 | D:2      | Reached XP level 4. HP: 35/37 MP: 4/4
   949 | D:2      | Noticed Natasha
   956 | D:2      | Killed Natasha
  1057 | D:2      | Noticed Natasha
  1062 | D:2      | Killed Natasha
  1062 | D:2      | Reached skill level 7 in Axes
  1080 | D:2      | Noticed Natasha
  1083 | D:2      | Killed Natasha
  1083 | D:2      | Reached XP level 5. HP: 35/42 MP: 5/5
  1307 | D:3      | Noticed Goblin1989's ghost (amateur DsGl)
  1653 | D:3      | Noticed Grinder
  1654 | D:3      | Paralysed by Grinder for 6 turns
  1683 | D:3      | Killed Grinder
  1683 | D:3      | Reached skill level 9 in Axes
  1683 | D:3      | Reached XP level 6. HP: 40/50 MP: 6/6
  2616 | D:4      | Reached skill level 10 in Axes
  2616 | D:4      | Reached XP level 7. HP: 55/56 MP: 7/7
  3298 | D:5      | Entered Level 5 of the Dungeon
  3379 | D:5      | Reached skill level 11 in Axes
  3550 | D:5      | Found a staircase to the Ecumenical Temple.
  3665 | Temple   | Entered the Ecumenical Temple
  3913 | Temple   | Became a worshipper of Makhleb the Destroyer
  4457 | D:5      | Reached XP level 8. HP: 56/62 MP: 8/8
  4474 | D:5      | Found a snail-covered altar of Cheibriados.
  4474 | D:5      | Found a basalt altar of Yredelemnul.
  4574 | D:5      | Reached skill level 12 in Axes
  5226 | D:6      | Reached * piety under Makhleb
  5233 | D:6      | Reached skill level 13 in Axes
  5517 | D:6      | Noticed Menkaure
  5530 | D:6      | Killed Menkaure
  5530 | D:6      | Reached skill level 14 in Axes
  5740 | D:6      | Found a bloodstained altar of Trog.
  5750 | D:6      | Reached XP level 9. HP: 49/68 MP: 9/9
  5818 | D:6      | Found Musen's Weapon Emporium.
  5822 | D:6      | Bought a +0 battleaxe for 78 gold pieces
  5943 | D:6      | Noticed Duvessa
  5946 | D:6      | Noticed Dowan
  5950 | D:6      | Killed Duvessa
  5960 | D:6      | Killed Dowan
  5960 | D:6      | Reached skill level 15 in Axes
  6185 | D:7      | Reached ** piety under Makhleb
  6225 | D:7      | HP: 3/68 [poisoned by a water moccasin]
  6230 | D:7      | HP: 2/68 [poisoned by a water moccasin]
  6237 | D:7      | HP: 2/68 [poisoned by a water moccasin]
  6245 | D:7      | HP: 2/68 [poisoned by a water moccasin]
  6631 | D:7      | Noticed Joseph
  6823 | D:7      | Reached skill level 1 in Armour
  6912 | D:7      | Killed Joseph
  6912 | D:7      | Reached skill level 16 in Axes
  7328 | D:7      | Reached XP level 10. HP: 80/80 MP: 10/10
  7350 | D:7      | Reached skill level 5 in Fighting
  7492 | D:8      | Reached *** piety under Makhleb
  8102 | D:9      | Found a blossoming altar of Fedhas.
  8320 | D:9      | Reached **** piety under Makhleb
  8372 | D:9      | Found Lyjebb's Magic Scroll Shop.
  8383 | D:9      | Bought a scroll of teleportation for 36 gold pieces
  8383 | D:9      | Bought 3 scrolls of identify for 72 gold pieces
  8383 | D:9      | Bought a scroll of noise for 12 gold pieces
  8383 | D:9      | Bought a scroll of recharging for 114 gold pieces
  8383 | D:9      | Bought a scroll of identify for 24 gold pieces
  8383 | D:9      | Bought a scroll of identify for 24 gold pieces
  8383 | D:9      | Bought a scroll of identify for 24 gold pieces
  8383 | D:9      | Bought a scroll of identify for 24 gold pieces
  8627 | D:9      | Found a staircase to the Lair.
  8631 | D:9      | Reached skill level 17 in Axes
  8651 | D:9      | Mangled by a troll

Skill      XL: |  1  2  3  4  5  6  7  8  9 10 |
---------------+-------------------------------+-----
Axes           | 5 6 7 9 10 11 14 16 17 | 17.0
Fighting       | 4 7 |  7.6
Armour         | 2 4 |  4.0
Throwing       | |  1.7
Dodging        | |  2.4

Action                   |  1- 3 |  4- 6 |  7- 9 | 10-12 || total
-------------------------+-------+-------+-------+-------++-------
Melee: War axe           |    98 |   113 |   239 |       ||   450
       Battleaxe         |       |       |   145 |   167 ||   312
  Use: Potion            |       |     3 |       |     1 ||     4
       Scroll            |       |       |       |     8 ||     8
 Stab: Sleeping          |     1 |       |       |       ||     1
       Invisible         |       |     1 |       |       ||     1
  Eat: Chunk             |       |     6 |    13 |     5 ||    24
       Pizza             |       |       |     1 |       ||     1
Armor: Leather armour    |    21 |    14 |       |       ||    35
       Scale mail        |       |    18 |   153 |    79 ||   250
Dodge: Dodged            |    63 |    73 |   135 |   100 ||   371
